 Dungeon Crawl Stone Soup version 0.14.0-24-gfb45beb (webtiles) character file.

400 Heini the Cudgeler (level 5, 0/48 HPs)
             Began as a Minotaur Berserker on Apr 22, 2014.
             Was a Priest of Trog.
             Slain by an adder (2 damage)
             ... on Level 4 of the Dungeon.
             The game lasted 00:06:26 (2482 turns).

Heini the Cudgeler (Minotaur Berserker)             Turns: 2482, Time: 00:06:27

HP   0/48        AC  7     Str 22      XL: 5   Next: 78%
MP   2/2         EV  9     Int  9      God: Trog [***...]
Gold 162         SH  0     Dex 10      Spells:  0 memorised,  4 levels left

rFire  . . .     SeeInvis .     l - +2 flail (holy)
rCold  . . .     Clarity  .     f - +0 scale mail
rNeg   . . .     Conserve .     (no shield)
rPois  .         rCorr    .     (helmet restricted)
rElec  +         rRot     .     (no cloak)
SustAb . .       Spirit   .     (no gloves)
rMut   .         Warding  .     (no boots)
Saprov . . .     Stasis   .     (no amulet)
MR     .....                    (no ring)
                                (no ring)

@: exhausted, brilliant, lethally poisoned, slowed, very slow, not resistant to
hostile enchantments, extremely unstealthy
A: retaliatory headbutt, horns 2, electricity resistance
a: Burn Spellbooks, Berserk, Trog's Hand, Renounce Religion


You were on level 4 of the Dungeon.
You worshipped Trog.
Trog was most pleased with you.
You were hungry.

You visited 1 branch of the dungeon, and saw 4 of its levels.

You collected 162 gold pieces.

Inventory:

Hand weapons
 a - a +0,+0 mace
 l - a +2,+2 flail of holy wrath (weapon)
Armour
 f - a +0 scale mail (worn)
Comestibles
 b - 9 strawberries
 c - 4 bread rations
 o - a rambutan
 u - a meat ration
Scrolls
 d - 3 scrolls of noise {unknown}
 h - 4 scrolls of teleportation {unknown}
 i - 3 scrolls of remove curse {unknown}
 k - 5 scrolls of identify {unknown}
 m - a scroll of random uselessness {unknown}
 n - a scroll of fear {unknown}
Potions
 g - a potion of restore abilities
 j - a potion of heal wounds {unknown}
 q - a potion of poison {unknown}
 t - a potion of degeneration {unknown}
 v - a potion of lignification {unknown}


   Skills:
 * Level 5.3 Fighting
 * Level 5.7 Maces & Flails
 * Level 3.7 Armour
 + Level 2.9 Dodging


You had 4 spell levels left.
You didn't know any spells.

Dungeon Overview and Level Annotations

Branches:
Dungeon (4/15)
 Temple: D:4-7

Altars:
Zin


Innate Abilities, Weirdness & Mutations

You reflexively headbutt those who attack you in melee.
You have a pair of horns on your head.
You are resistant to electric shocks.


Message History

You feel sick. The adder bites you but does no damage.
The adder barely misses you. You furiously retaliate!
You headbutt the adder! You barely miss the adder.
Your headbutt misses the adder.
The adder is almost dead.
* * * LOW HITPOINT WARNING * * *
You feel sick. The adder bites you but does no damage.
The adder bites you but does no damage.
Drink which item? (? for menu, Esc to quit)
You feel extremely strange.
You feel a little hungry.
You feel insulated.
Your metabolism slows.
It was a potion of mutation.
* * * LOW HITPOINT WARNING * * *
You feel sick. The adder closely misses you.
The adder bites you but does no damage.
Drink which item? (? for menu, Esc to quit)
You feel clever all of a sudden.
It was a potion of brilliance.
* * * LOW HITPOINT WARNING * * *
You feel sick. The adder barely misses you. The adder bites you.
You die...

..!.. #.# ... #.# ...
. #.# ... #.# #.# #K#
#.# #.# #.# #.# #.#
#.# #.# #.#
#(########.# #.#
#.(.)@...#.# #.#
#.###...S....#.####.#
..>..................#
####........#.######
#.....)..#.#
#........#.#
#.########.# #.. ...
## #.#


You could see an adder.

Vanquished Creatures
  An ogre (D:4)
  A worker ant (D:4)
  4 adders (D:3)
  A gnoll (D:1)
  A worm (D:3)
  2 orcs (D:3)
  A giant cockroach (D:1)
  5 goblins
  7 hobgoblins
  6 jackals
  7 kobolds
  5 quokkas
  11 bats
  3 giant newts
  8 rats
63 creatures vanquished.

Notes
Turn   | Place    | Note
--------------------------------------------------------------
     0 | D:1      | Heini, the Minotaur Berserker, began the quest for the Orb.
     0 | D:1      | Reached XP level 1. HP: 19/19 MP: 1/1
   260 | D:1      | Reached XP level 2. HP: 20/27 MP: 1/1
   298 | D:1      | Reached skill level 4 in Fighting
   489 | D:1      | Reached XP level 3. HP: 20/33 MP: 2/2
   642 | D:1      | Acquired Trog's second power
  1220 | D:2      | Found a glowing silver altar of Zin.
  1588 | D:3      | Reached skill level 5 in Maces & Flails
  1588 | D:3      | Reached XP level 4. HP: 31/41 MP: 2/2
  2373 | D:4      | Reached skill level 5 in Fighting
  2373 | D:4      | Reached XP level 5. HP: 40/48 MP: 2/2
  2450 | D:4      | Noticed an ogre
  2456 | D:4      | Killed an ogre
  2481 | D:4      | Gained mutation: You have a fast metabolism. [potion of mutation]
  2481 | D:4      | Gained mutation: You are resistant to electric shocks. [potion of mutation]
  2481 | D:4      | Lost mutation: You have a fast metabolism. [potion of mutation]
  2482 | D:4      | HP: 2/48 [poison (curare-tipped needle)]
  2482 | D:4      | Slain by an adder

Action                   |  1- 3 |  4- 6 || total
-------------------------+-------+-------++-------
Melee: Mace              |    17 |       ||    17
       Flail             |    77 |    45 ||   122
Invok: Berserk           |       |     1 ||     1
  Use: Potion            |       |     4 ||     4
